Anemone, neutral female sylph Wizard --- ---------- |. ........ |.------------.....------------ |.|?+[|...|%.|.....|..|(((|...| |.|(+=|...|m%|.....-..|(((|...| |.|+!%|...|.@|.....|..|...|...| | |.|...|...|@--.....-----|---|--.| |.-|----|--.............%.......| ..............{....[.{.....%....| |.-|---|---....--|---...........| |.|..%|.. |---.|....|[----|----.| |.|(((|...|..|.|....|.+ |....| | |.|(((|...|.(-.|.._.|.| |....| |.|%((|...|..|.|....|.| |(...| |.------------.------.--------- | ................................| --------------------------------- Anemone the Thaumaturge Experience level: 6 Strength: 11 Dexterity: 10 Constitution: 16 Intelligence: 17 Wisdom: 16 Charisma: 6 Health: 48(48) Energy: 100(100) Def: 1 Gold: 278 Moves: 2164 Dungeon seed: F9L47J3LLOw2EABg Game ID: Anemone_1487253876 Your Inventory: Coins $ - 278 gold pieces Weapons a - a blessed +1 quarterstaff (weapon in hands) U - a +0 dagger (in quiver) W - a +1 dagger Y - a cursed -2 elven dagger Armor e - an uncursed +0 cloak of magic resistance (being worn) n - an uncursed +1 elven cloak Comestibles h - 2 uncursed lichen corpses j - an uncursed pear l - 2 uncursed food rations v - an uncursed tripe ration O - an uncursed fortune cookie P - an uncursed pancake Scrolls X - an uncursed scroll of teleportation Rings q - an uncursed ring of levitation Wands t - a wand of enlightenment (0:14) C - a wand of sleep (0:2) Tools o - an uncursed lock pick z - an uncursed bag of holding Spells and supernatural/magical abilities: Name Level Category Fail Memory a - force bolt 1 attack 0% 90% m - magic missile 2 attack 0% 99% O - create monster 2 clerical 27% 90% W - pray for help -- divine ? -- Your skills at the end: Miscellaneous Skills wands [Basic] Weapon Skills quarterstaff [Basic] Spellcasting Skills attack spells [Basic] enchantment spells [Basic] Final Attributes: You were devoutly aligned. You were magic-protected. Your writing hand was a little cramped from use. You saw invisible. You had infravision. You were very stealthy. You were protected from shape changers. You were lucky. You survived. Vanquished creatures: a giant mimic a lizard a gnome king a dwarf lord a blue jelly a raven a Woodland-elf 2 gnome lords 7 dwarves a homunculus 2 iguanas 2 jitterbugs a monkey 4 dwarf zombies a werejackal a hobbit a hobgoblin 2 giant rats 2 cave spiders a brown mold 3 yellow molds 3 green molds 6 gnomes 6 jackals a kobold a newt 4 goblins 3 sewer rats a grid bug 3 lichens 65 creatures vanquished. Voluntary challenges: You had followed a strict vegetarian diet until turn 2163. You did not cause conflict. You were not invisible. You did not have reflection. You used a wielded weapon 41 times, starting on turn 5. You did not apply a unicorn horn. You did not use plumbed fixtures. You did not drink any magical draughts. You read items or engraved 4 times, starting on turn 340. You never genocided any monsters. You never polymorphed an object. You never changed form. You used no wishes. You never split a pudding. You wrote Elbereth's name 2 times, starting on turn 340. You violated your moral code, losing 1 point of alignment, starting on turn 2163. Dungeon overview: The Dungeons of Doom: levels 1 to 5 Level 1 a long staircase Level 2 a fountain Level 3 an armor shop, a sink Level 4 a potion shop, an altar to Anhur, a fountain, a sink stairs to The Gnomish Mines Level 5 The Gnomish Mines: levels 5 to 8 Level 5 stairs to The Dungeons of Doom Level 6 Level 8 <- You were here many shops, a temple to Thoth, a magic chest, some fountains History has recorded: On T:1 you entered the Dungeons of Doom to retrieve the Amulet of Yendor! On T:40 you reached level 2 of The Dungeons of Doom. On T:328 you reached level 3 of The Dungeons of Doom. On T:350 you advanced to experience level 2. On T:561 you advanced to experience level 3. On T:814 you prayed to Thoth. On T:878 you reached level 4 of The Dungeons of Doom. On T:1173 you advanced to experience level 4. On T:1179 you reached level 5 of The Dungeons of Doom. On T:1397 you reached level 1 of The Gnomish Mines. On T:1571 you advanced to experience level 5. On T:1587 you prayed to Thoth. On T:1644 you reached level 2 of The Gnomish Mines. On T:1735 you reached level 4 of The Gnomish Mines. On T:1735 you entered the Minetown temple On T:1816 you opened a magic chest. On T:1890 you advanced to experience level 6. On T:2058 you prayed to Thoth. Score breakdown: Gold: 278 ( 27 points) Experience: 6 levels ( 500 points) Exploration: 8 levels ( 210 points) Discoveries: 18 items ( 900 points) Variety of kills: 30 monsters ( 1500 points) Major goal: reached Minetown ( 500 points) Survival: quit (score multiplied by 3) Total score: 10911 Latest messages: You hear the chime of a cash register. The door resists! The door opens. "Hello, Anemone! Welcome to Kediri's delicatessen!" You see here an apple (11 zorkmids). You see here a tin (8 zorkmids). You see here a food ration (68 zorkmids). You see here a tin (8 zorkmids). "For you, esteemed lady; only 8 for this tin." b - a tin (unpaid, 8 zorkmids). You bought a tin for 8 gold pieces. "Thank you for shopping in Kediri's delicatessen!" You see here an apple (11 zorkmids). It is not so easy to open this tin. You succeed in opening the tin. It smells like elves. You consume sauteed elf. You feel guilty. You hesitate for a moment, bothered by your conscience. Kediri gratefully inherits all your possessions. The bag of holding is empty. Final status: Goodbye Anemone the Wizard, committed trickery... You were tricked in The Gnomish Mines on dungeon level 8 with 10911 points, and 278 pieces of gold, after 2164 moves. You were level 6 with a maximum of 48 hit points when you were tricked.